 Dungeon Crawl Stone Soup version 0.30-a0-476-g330ca2eb8e (webtiles) character file.

Game seed: 11655757138108438944

167 Jase the Grasshopper (level 5, -1/43 HPs)
             Began as an Armataur Warper on Dec 22, 2022.
             Slain by an orc priest
             ... wielding a +0 flail
              (7 damage)
             ... on level 3 of the Dungeon.
             The game lasted 00:09:04 (2371 turns).

Jase the Grasshopper (Armataur Warper)              Turns: 2371, Time: 00:09:05

Health: -1/43      AC:  8    Str: 18    XL:     5   Next: 23%
Magic:  7/7        EV: 11    Int: 14    God:
Gold:   19         SH:  5    Dex:  9    Spells: 5/7 levels left

rFire   . . .      SeeInvis .    b - +0 short sword
rCold   . . .      Faith    .    (no shield)
rNeg    . . .      Spirit   .    g - +0 leather armour
rPois   .          Reflect  +    (no helmet)
rElec   .          Harm     .    (no cloak)
rCorr   .          Roll     +    (no gloves)
Will    .....                    h - +0 barding
Stlth   ++........               f - amulet of reflection
HPRegen 0.27/turn                n - +4 ring of evasion
MPRegen 0.10/turn                q - ring of wizardry

@: no status effects
A: large, rugged brown scales 3, deformed body, armoured tail, roll, long
tongue, awkward tongue
a: no special abilities


You were on level 3 of the Dungeon.
You visited 1 branch of the dungeon, and saw 4 of its levels.

You collected 89 gold pieces.
You spent 70 gold pieces at shops.

Inventory:

Hand Weapons
 a - a +0 dagger
 b - a +0 short sword (weapon)
Missiles
 d - 7 boomerangs of dispersal (quivered)
 e - 32 stones
 w - 5 javelins
Armour
 g - a +0 leather armour (worn)
 h - a +0 barding (worn)
Jewellery
 f - an amulet of reflection (around neck)
 n - a +4 ring of evasion (left hand)
 o - a ring of protection from cold
 q - a ring of wizardry (right hand)
Scrolls
 c - 2 scrolls of blinking
 l - a scroll of butterflies {unknown}
 m - a scroll of teleportation {unknown}
 p - a scroll of poison {unknown}
 t - a scroll of fear {unknown}
 v - a scroll of vulnerability {unknown}
 x - a scroll of noise {unknown}
Potions
 i - 2 potions of curing {unknown}
 j - 2 potions of degeneration {unknown}
 k - 2 potions of brilliance {unknown}
 r - 2 potions of heal wounds
 s - 2 potions of magic {unknown}
 u - a potion of haste {unknown}


   Skills:
 - Level 1.7 Fighting
 + Level 3.2 Short Blades
 - Level 0.8 Throwing
 - Level 1.2 Armour
 - Level 1.3 Dodging
 + Level 3.3 Stealth
 - Level 1.7 Spellcasting
 + Level 4.1 Translocations


You had 5 spell levels left.
You knew the following spells:

 Your Spells              Type           Power      Damage    Failure   Level
a - Blink                 Tloc           24%        N/A       3%          2

Your spell library contained the following spells:

 Spells                   Type           Power      Damage    Failure   Level
 Lesser Beckoning         Tloc           24%        N/A       6%          3
 Teleport Other           Tloc           12%        N/A       6%          3
 Vhi's Electric Charge    Tloc/Air       14%        N/A       16%         3
 Manifold Assault         Tloc           12%        N/A       21%         4


Dungeon Overview and Level Annotations

Branches:
Dungeon (4/15)
 Temple: D:4-7

Altars:

Shops:
D:1 !   D:3 *


Innate Abilities, Weirdness & Mutations

You are completely covered in rugged brown scales. (AC +3, +7% HP)
Armour fits poorly on your strangely shaped body.
You have a long armoured tail.
You roll when moving toward enemies. (Rampage)
Your long tongue fully drains potion bottles. (2x potion effects)
Your tongue gives you trouble enunciating. (1.5x scroll delay)


Message History

The orc priest miscasts a cantrip.
You barely miss the orc priest.
Your tail-slap misses the orc priest.
The orc priest is moderately wounded.
The hobgoblin misses you.
The orc priest hits you with a +0 flail.
You completely miss the orc priest.
Your tail-slap misses the orc priest.
The orc priest is moderately wounded.
The hobgoblin barely misses you.
The orc priest hits you with a +0 flail.
You hit the orc priest but do no damage.
Your tail-slap misses the orc priest.
The orc priest is moderately wounded.
You block the hobgoblin's attack. The orc priest barely misses you.
You hit the orc priest.
The orc priest is moderately wounded.
You hit the orc priest but do no damage.
The orc priest is moderately wounded.
You block the hobgoblin's attack. The orc priest misses you.
You hit the orc priest but do no damage.
The orc priest is moderately wounded.
You block the hobgoblin's attack.
The orc priest mumbles some strange prayers to Beogh against you.
Pain shoots through your body!
You closely miss the orc priest.
The orc priest is moderately wounded.
You block the hobgoblin's attack.
The orc priest hits you with a +0 flail!
* * * LOW HITPOINT WARNING * * *
You hit the orc priest.
Your tail-slap misses the orc priest.
The orc priest is heavily wounded.
You block the hobgoblin's attack. The orc priest closely misses you.
You hit the orc priest but do no damage.
The orc priest is heavily wounded.
The hobgoblin closely misses you. The orc priest closely misses you.
You barely miss the orc priest.
You tail-slap the orc priest, but do no damage.
The orc priest is heavily wounded.
The hobgoblin hits you but does no damage.
The orc priest hits you with a +0 flail!
You die...

. ####+## .##### .......
.....# ....... #...# #####
.......
##...########...###.oo....
###
............'..o÷.og......
...
###.#########..g#######.##
### #.##### ##.o@..# ###
#.....# #.###.# #..
#####.### #.###.# #.#
...#...# #..<#.#
#####.###.########.## #.#
...............))..)#### ...
..##.#.##########.....######
.# #†####### #..........#
#.†...~≈# #####...##.#


You could see an orc priest, an orc and a hobgoblin.

Vanquished Creatures
  Jessica (D:2)
  An adder (D:3)
  3 gnolls (D:2)
  4 worms
  3 dart slugs (D:1)
  2 orcs (D:3)
  6 ball pythons
  5 bats
  5 endoplasms
  A giant cockroach (D:1)
  5 hobgoblins
  7 jackals (D:1)
  7 kobolds
  4 quokkas
  4 frilled lizards
  13 goblins
  3 rats
74 creatures vanquished.

Notes
Turn   | Place    | Note
-------+----------+-------------------------------------------
     0 | D:1      | Jase the Armataur Warper began the quest for the Orb.
     0 | D:1      | Reached XP level 1. HP: 18/18 MP: 3/3
   114 | D:1      | Reached skill level 1 in Stealth
   152 | D:1      | Reached XP level 2. HP: 25/25 MP: 4/4
   261 | D:1      | Found Doph's Distillery.
   379 | D:1      | Learned a level 2 spell: Blink
   580 | D:1      | Reached XP level 3. HP: 31/31 MP: 5/5
   999 | D:1      | Bought a potion of heal wounds for 70 gold pieces
  1167 | D:2      | You fall into a shaft and drop 2 floors!
  1191 | D:3      | Found Wulloinu's General Store.
  1424 | D:2      | Reached XP level 4. HP: 38/38 MP: 6/6
  1569 | D:2      | Noticed Jessica
  1591 | D:2      | Killed Jessica
  1592 | D:2      | Reached skill level 4 in Translocations
  2035 | D:3      | Reached XP level 5. HP: 43/43 MP: 7/7
  2371 | D:3      | Slain by an orc priest

Illustrated notes

Levels and vault maps discovered:
D:1:      elethiomel_arrival_quiet, layout_loops_corners, serial_shops,
          nicolae_shop_hallway_plus
D:2:      layout_basic, nicolae_figureground_sparkle, uniq_jessica
D:3:      layout_basic, serial_shops, shop, amcnicky_mini_pool_small,
          kennysheep_cross_bottleneck, minmay_goblin_outpost
D:4:      layout_rooms, trog_hazing_becter, uniq_duvessa,
          uniq_crazy_yiuf_cottage

Skill      XL: |  1  2  3  4 |
---------------+-------------+-----
Short Blades   | 2 3 |  3.2
Stealth        | 1 2 3 |  3.3
Translocations | 4 |  4.1
Fighting       | |  1.7
Throwing       | |  0.8
Armour         | |  1.2
Dodging        | |  1.3
Spellcasting   | |  1.7

Action                   |  1- 3 |  4- 6 || total
-------------------------+-------+-------++-------
Melee: Short sword       |   183 |   195 ||   378
       Tailslap          |    17 |    21 ||    38
       Punch             |     3 |     2 ||     5
 Stab: Sleeping          |     4 |     2 ||     6
Armor: Leather armour    |    57 |    46 ||   103
Dodge: Dodged            |    52 |    64 ||   116
Block: Other             |    21 |    44 ||    65
       Reflection        |       |     2 ||     2

Table legend: (Time is in decaauts)
 A = Elapsed time spent in this place.
 B = Non-inter-level travel time spent in this place.
 C = Inter-level travel time spent in this place.
 D = Time resting spent in this place.
 E = Time spent auto-exploring this place.
 F = Levels seen in this place.
 G = Mean time per level.
                   A        B        C        D        E       F      G
               +--------+--------+--------+--------+--------+-----+--------+
         Total |   2319 |   2240 |     79 |    188 |   1429 |   4 |  579.8 |
       Dungeon |   2319 |   2240 |     79 |    188 |   1429 |   4 |  579.8 |
               +--------+--------+--------+--------+--------+-----+--------+

Top non-repeatable levels by time:
     D:1: 942 daAuts
     D:2: 933 daAuts
     D:3: 435 daAuts
     D:4: 7 daAuts
